AoeStats
← maimadana

Arabia

509483046Analyzed
1v1 RM · 6d ago on Sep 26, 2026· 40m 51s· 2 players
Game mode
Random Map
Map size
Tiny (2 player)
Population
200
Speed
Normal
Resources
Standard
Victory
Conquest
Starting age
Dark Age
Ending age
Imperial Age
RankedLock teamsTeams togetherTeam positionsShared explorationLock speedFull tech treeHidden civsTurbo modeCheats
Victory
Defeat
🇨🇳 Tatars · China
850
+17
🇨🇿 Britons · Czechia
870
-24
3241167907
6:41 Loom
9:19 Feudal Age
9:56 Double-Bit Axe
10:08 Horse Collar
21:22 Castle Age
19:37 Gold Mining
20:03 Stone Mining
21:02 Bloodlines
21:28 Forging
21:39 Fletching
21:50 Padded Archer Armor
22:57 Bow Saw
24:40 Heavy Plow
25:29 Wheelbarrow
25:43 Gold Shaft Mining
25:36 Town Watch
25:21 Elite Skirmisher
26:29 Bodkin Arrow
26:51 Leather Archer Armor
26:44 Husbandry
27:21 Hand Cart
27:46 Squires
27:06 Pikeman
27:34 Arson
30:04 Scale Mail Armor
30:40 Iron Casting
32:24 Scale Barding Armor
37:42 Imperial Age
35:36 Heated Shot
35:42 Murder Holes
36:09 Ballistics
36:17 Chain Barding Armor
38:55 Bracer
39:26 Ring Archer Armor
39:59 Chemistry
39:46 Crop Rotation
maimadana
3:40 Loom
10:29 Feudal Age
11:03 Double-Bit Axe
11:08 Horse Collar
16:10 Fletching
18:13 Padded Archer Armor
19:37 Gold Mining
20:51 Wheelbarrow
24:42 Castle Age
25:38 Husbandry
25:52 Forging
26:40 Scale Barding Armor
27:14 Crossbowman
27:15 Elite Skirmisher
29:53 Bodkin Arrow
32:58 Iron Casting
33:43 Bow Saw
33:35 Heavy Plow
36:44 Ballistics
39:17 Imperial Age
Connection lost

Rejoining the realm…

Still unreachable

The connection could not be restored.

Session expired

The server has moved on; the page needs a fresh start.